 Dungeon Crawl Stone Soup version 0.29-a0-483-g69413ace17 (webtiles) character file.

Game seed: 10456692441697661538

1010 porpoise the Archer (level 8, 0/49 HPs)
             Began as a Tengu Hunter on May 26, 2022.
             Was an Initiate of Hepliaklqana.
             Slain by an orc warrior
             ... wielding a +0 halberd
              (11 damage)
             ... on level 6 of the Dungeon.
             The game lasted 00:15:43 (5644 turns).

porpoise the Archer (Tengu Hunter)                  Turns: 5644, Time: 00:15:43

Health: 0/49       AC:  6    Str: 11    XL:     8   Next: 21%
Magic:  9/9        EV: 14    Int: 13    God:    Hepliaklqana [......]
Gold:   245        SH:  0    Dex: 21    Spells: 7/7 levels left

rFire   + + .      SeeInvis .   a - +1 shortbow (vorpal)
rCold   . . .      Faith    .   (shield currently unavailable)
rNeg    . . .      Spirit   .   f - +0 leather armour "Enadefim" {rF++ Int+4}
rPois   .          Reflect  .   (helmet restricted)
rElec   .          Harm     .   C - +2 cloak
rCorr   .          Rampage  .   (no gloves)
Will    .....                   (boots unavailable)
Stlth   +++.......              (no amulet)
HPRegen 0.16/turn               (no ring)
MPRegen 0.11/turn               (no ring)

@: flying quickly and evasively, quick
A: beak, talons 3, nimble flight
a: Renounce Religion


You were on level 6 of the Dungeon.
You worshipped Hepliaklqana.
Hepliaklqana was noncommittal.
You visited 2 branches of the dungeon, and saw 7 of its levels.
You also visited: Sewer.

You collected 245 gold pieces.

Inventory:

Hand Weapons
 a - a +1 vorpal shortbow (weapon)
 b - the +5 hand axe of Befiyppuwn {drain, rC+++ Str-4}
   (You found it on level 3 of the Dungeon)

   A truly terrible weapon, it drains the life of any living foe it strikes.
   Str:       It affects your strength (-4).
   rC:        It renders you almost immune to cold.
 p - a +0 hand axe of electrocution
 r - a +3 dagger
 t - the +2 long sword "Hydra's Death Toll" {venom, *Rage rElec rN+ Will+}
   (You found it on level 3 of the Dungeon)

   It poisons the flesh of those it strikes.
   rElec:     It insulates you from electricity.
   rN:        It protects you from negative energy.
   *Rage:     It berserks you when you make melee attacks (+20% chance).
   Will:      It increases your willpower.
Missiles
 d - 3 boomerangs (quivered)
 i - 4 atropa-tipped darts
 B - 6 poisoned darts
Armour
 f - the +0 leather armour "Enadefim" (worn) {rF++ Int+4}
   (You found it on level 3 of the Dungeon)

   Int:       It affects your intelligence (+4).
   rF:        It greatly protects you from fire.
 m - a +0 ring mail
 C - a +2 cloak (worn)
Magical Staves
 u - a staff of earth
Wands
 A - a wand of iceblast (14)
Scrolls
 c - a scroll of immolation
 e - a scroll of silence {unknown}
 l - 2 scrolls of fog {unknown}
 n - a scroll of vulnerability
 q - a scroll of magic mapping {unknown}
 v - a scroll of blinking
 y - a scroll of enchant armour {unknown}
Potions
 g - 2 potions of cancellation {unknown}
 h - 3 potions of heal wounds
 j - a potion of invisibility {unknown}
 k - 6 potions of curing
 o - a potion of magic {unknown}
 s - a potion of haste {unknown}
 w - a potion of brilliance {unknown}
 x - a potion of berserk rage {unknown}
 z - 2 potions of flight {unknown}
 D - 2 potions of degeneration {unknown}


   Skills:
 + Level 5.0 Fighting
 * Level 8.4 Bows
 - Level 2.1 Dodging
 + Level 5.0 Stealth


You had 7 spell levels left.
You didn't know any spells.
Your spell library contained the following spells:

 Spells                   Type           Power      Damage    Failure   Level
 Gell's Gravitas          Tloc           0%         N/A       77%         3
 Teleport Other           Tloc           0%         N/A       77%         3
 Dispersal                Tloc           0%         N/A       100%        6


Dungeon Overview and Level Annotations

Branches:
Dungeon (6/15)             Temple (1/1) D:5           Sewer (visited)

Altars:
Ashenzari
Cheibriados
Dithmenos
Elyvilon
Fedhas
Gozag
Hepliaklqana
Kikubaaqudgha
Makhleb
Nemelex Xobeh
Okawaru
Qazlal
Ru
Sif Muna
Trog
Uskayaw
Vehumet
Wu Jian
Xom
Yredelemnul
Zin
The Shining One

Shops:
D:2 =   D:3 [   D:5 (


Innate Abilities, Weirdness & Mutations

You have a beak for a mouth.
You have claws for feet.
Your magical nature lets you fly swiftly and evasively.


Message History

The arrow hits the shadow imp.
The shadow imp is moderately wounded.
The orc warrior barely misses you.
You shoot an arrow.
The arrow closely misses the orc warrior.
The arrow hits the shadow imp.
The shadow imp is heavily wounded.
The orc warrior hits you from afar with a +0 halberd.
You shoot an arrow.
The arrow hits the orc warrior but does no damage.
The orc warrior is heavily wounded.
The orc warrior hits you from afar with a +0 halberd.
You shoot an arrow. The arrow hits the orc warrior.
The orc warrior is severely wounded.
The orc warrior hits you but does no damage.
The orc warrior hits you from afar with a +0 halberd!
You shoot an arrow.
The arrow barely misses the orc warrior.
The arrow hits the shadow imp!
You kill the shadow imp!
The orc warrior hits you from afar with a +0 halberd!!
* * * LOW HITPOINT WARNING * * *
You are too injured to fight recklessly!
You are too injured to fight recklessly!
You are too injured to fight recklessly!
Unknown command.
Throw: 3 boomerangs
Press: ? - help, Q - select action, (/) - cycle Shift-Dir - straight line, f/p - orc warrior
Aim: an orc warrior, wielding a +0 halberd and wearing a +0 chain mail (severely wounded, 61% to hit)
You throw a boomerang. The boomerang hits the orc warrior.
The orc warrior is severely wounded.
The orc warrior completely misses you.
Throw: 3 boomerangs
Press: ? - help, Q - select action, (/) - cycle Shift-Dir - straight line, f/p - orc warrior
Aim: an orc warrior, wielding a +0 halberd and wearing a +0 chain mail (severely wounded, 61% to hit)
You throw a boomerang.
The boomerang hits the orc warrior but does no damage.
The orc warrior is severely wounded.
The orc warrior hits you from afar with a +0 halberd!
You die...

#.###### #......#
####.....)#
#..'......####
#.##.........#####
#.######...#......
#.# #...#######
#.# ##.........
#@# ##....#### #.#
#....# #o# #....#
.O# .....# ..#
...### .).# .#.#
.....


You could see an orc warrior and an ogre.

Vanquished Creatures
  Pargi (Sewer)
  A black bear (D:4)
  A jelly (D:5)
  5 hounds
  3 orc priests
  Terence (D:3)
  5 iguanas
  3 orc wizards (D:5)
  6 gnolls
  9 adders
  A shadow imp (D:6)
  3 white imps
  3 worms
  22 orcs
  5 ball pythons
  8 bats
  4 endoplasms
  14 giant cockroaches
  11 goblins
  5 hobgoblins
  8 jackals
  7 kobolds
  5 quokkas
  4 frilled lizards
  8 rats
143 creatures vanquished.

Notes
Turn   | Place    | Note
-------+----------+-------------------------------------------
     0 | D:1      | porpoise the Tengu Hunter began the quest for the Orb.
     0 | D:1      | Reached XP level 1. HP: 12/12 MP: 2/2
    12 | D:1      | Reached XP level 2. HP: 17/17 MP: 3/3
   201 | D:1      | Found a faded altar of an unknown god.
   251 | D:1      | Reached XP level 3. HP: 22/22 MP: 4/4
   435 | D:1      | Reached skill level 5 in Bows
   630 | D:2      | Found Koopt's Jewellery Emporium.
   732 | D:2      | Reached XP level 4. HP: 26/27 MP: 5/5
  1600 | D:3      | Noticed Terence
  1606 | D:3      | Killed Terence
  1607 | D:3      | Gained mutation: Your magical nature lets you fly swiftly
                  | and evasively. [Tengu growth]
  1607 | D:3      | Reached XP level 5. HP: 16/32 MP: 6/6
  1939 | D:3      | Found Leazosul's Antique Armour Emporium.
  2026 | D:3      | Identified the +0 leather armour "Enadefim" {rF++ Int+4}
  2176 | D:3      | Identified the +5 hand axe of Befiyppuwn {drain, rC+++
                  | Str-4}
  2350 | D:3      | Reached skill level 6 in Bows
  2420 | D:3      | Identified the +2 long sword "Hydra's Death Toll" {venom,
                  | *Rage rElec rN+ Will+}
  2844 | D:4      | Reached XP level 6. HP: 37/37 MP: 7/7
  3198 | D:4      | Noticed a black bear
  3209 | D:4      | Killed a black bear
  3527 | D:4      | Found a shimmering blue altar of Sif Muna.
  3559 | D:4      | Found a hazy altar of Hepliaklqana.
  3627 | D:4      | Reached skill level 7 in Bows
  3627 | D:4      | Reached XP level 7. HP: 43/43 MP: 8/8
  3785 | D:5      | Entered Level 5 of the Dungeon
  4391 | D:5      | Found a staircase to the Ecumenical Temple.
  4515 | D:5      | Found a glowing drain.
  4532 | Sewer    | Entered a sewer
  4642 | Sewer    | Noticed Pargi
  4651 | Sewer    | Killed Pargi
  4652 | Sewer    | Reached skill level 8 in Bows
  4652 | Sewer    | Reached XP level 8. HP: 33/48 MP: 9/9
  4881 | Temple   | Entered the Ecumenical Temple
  5348 | D:4      | Became a worshipper of Hepliaklqana the Forgotten
  5484 | D:5      | Found Pufesoopt's Antique Weapon Shop.
  5498 | D:5      | Reached skill level 5 in Stealth
  5632 | D:6      | Reached skill level 5 in Fighting
  5644 | D:6      | Slain by an orc warrior

Illustrated notes

Levels and vault maps discovered:
D:1:      arrival_zaba_pyramid, layout_rooms, ebering_ecumenical_altar_box
D:2:      layout_loops_cross, serial_shops, shop_fountains
D:3:      minmay_roachtagon, layout_basic, serial_shops, shop, uniq_terence
D:4:      layout_gridville, mainiacjoe_overflow_large_starburst,
          hangedman_decor_lopped, roderic_lattice_a
D:5:      layout_rooms, minmay_temple_entry_purple_smoke, serial_shops, shop,
          portal_sewer_entry_c
D:6:      layout_basic, serial_shops, nicolae_shop_statue_plus
Temple:   mainiacjoe_temple_big_plus

Skill      XL: |  1  2  3  4  5  6  7  8 |
---------------+-------------------------+-----
Bows           | 5 6 7 8 |  8.4
Stealth        | 2 3 4 5 |  5.0
Fighting       | 3 4 5 |  5.0
Dodging        | |  2.1

Action                   |  1- 3 |  4- 6 |  7- 9 || total
-------------------------+-------+-------+-------++-------
Melee: Dagger            |       |     5 |       ||     5
       Kick              |       |     3 |     4 ||     7
       Hand axe          |       |     2 |     8 ||    10
       Peck              |       |       |     1 ||     1
 Fire: Shortbow          |    70 |   141 |   166 ||   377
Throw: Boomerang         |       |       |     2 ||     2
  Use: Scroll            |       |       |    10 ||    10
 Stab: Sleeping          |       |     1 |       ||     1
Armor: Leather armour    |     4 |    15 |    42 ||    61
       Ring mail         |       |     3 |       ||     3
Dodge: Dodged            |    18 |    40 |   105 ||   163

Table legend: (Time is in decaauts)
 A = Elapsed time spent in this place.
 B = Non-inter-level travel time spent in this place.
 C = Inter-level travel time spent in this place.
 D = Time resting spent in this place.
 E = Time spent auto-exploring this place.
 F = Levels seen in this place.
 G = Mean time per level.
                   A        B        C        D        E       F      G
               +--------+--------+--------+--------+--------+-----+--------+
         Total |   5499 |   5228 |    271 |   1488 |   2627 |   8 |  687.4 |
       Dungeon |   4911 |   4664 |    247 |   1423 |   2281 |   6 |  818.5 |
        Temple |    377 |    354 |     23 |      0 |    346 |   1 |  377.0 |
         Sewer |    210 |    210 |      0 |     65 |      0 |   1 |  210.0 |
               +--------+--------+--------+--------+--------+-----+--------+

Top non-repeatable levels by time:
     D:4: 1596 daAuts
     D:2: 1055 daAuts
     D:3: 875 daAuts
     D:5: 669 daAuts
     D:1: 634 daAuts
  Temple: 377 daAuts
   Sewer: 210 daAuts
     D:6: 80 daAuts
